 Dungeon Crawl Stone Soup version 0.21-a0-510-g5070ee8bc0 (webtiles) character file.

57 Kaname the Conjurer (level 3, -4/24 HPs)
             Began as a Demonspawn Wizard on Dec 1, 2017.
             Slain by a centaur zombie (5 damage)
             ... on level 2 of the Dungeon.
             The game lasted 00:04:56 (1841 turns).

Kaname the Conjurer (Demonspawn Wizard)             Turns: 1841, Time: 00:04:57

Health: -4/24      AC:  4    Str:  5 (7)  XL:     3   Next: 73%
Magic:  5/7        EV: 17    Int: 18 (20) God:
Gold:   75         SH:  0    Dex: 16 (18) Spells: 2/8 levels left

rFire    . . .     SeeInvis .   o - +1 spear
rCold    . . .     Gourm    .   (no shield)
rNeg     . . .     Faith    .   a - +0 robe
rPois    +         Spirit   .   b - +0 hat
rElec    .         Reflect  .   (no cloak)
rCorr    .         Harm     .   n - +1 pair of gloves
MR       .....     Clarity  +   (no boots)
Stlth    +++.......             (no amulet)
HPRegen  0.08/turn              e - +2 ring of dexterity
MPRegen  0.10/turn              (no ring)

@: agile
A: blurry vision 1, clarity, mutation resistance 1, poison resistance, sturdy
frame 1
a: no special abilities


You were on level 2 of the Dungeon.
You were not hungry.

You visited 1 branch of the dungeon, and saw 2 of its levels.

You collected 75 gold pieces.

Inventory:

Hand Weapons
 h - a cursed -3 hunting sling
 o - a +1 spear (weapon)
Armour
 a - a +0 robe (worn)
 b - a +0 hat (worn)
 n - a +1 pair of gloves (worn)
Jewellery
 e - a +2 ring of dexterity (left hand)
Scrolls
 k - a scroll of noise
Potions
 g - a potion of resistance
 p - 2 potions of flight
Books
 c - a book of Minor Magic

   Spells                             Type                      Level
   a - Magic Dart                     Conjuration                  1
   b - Blink                          Translocation                2
   c - Call Imp                       Summoning                    2
   d - Slow                           Hexes                        2
   e - Conjure Flame                  Conjuration/Fire             3
   f - Mephitic Cloud                 Conjuration/Poison/Air       3
Comestibles
 d - a bread ration
 f - 2 royal jellies
 m - 3 fruits


   Skills:
 - Level 1.7 Dodging
 - Level 1.7 Stealth
 - Level 3.0 Spellcasting
 - Level 3.1 Conjurations
   Level 1.0 Summonings
 - Level 1.0 Translocations
 - Level 1.0 Air Magic
 + Level 0.7 Poison Magic


You had 2 spell levels left.
You knew the following spells:

 Your Spells              Type           Power        Failure   Level  Hunger
a - Magic Dart            Conj           ##..         4%          1    None
b - Blink                 Tloc           N/A          16%         2    ##.....
c - Mephitic Cloud        Conj/Pois/Air  #.......     26%         3    ###....


Dungeon Overview and Level Annotations

Branches:
Dungeon (2/15)

Altars:
Kikubaaqudgha


Innate Abilities, Weirdness & Mutations

Your movements are slightly less encumbered by armour. (ER -2)
Scrolls take you a little longer to read.
You possess an exceptional clarity of mind.
You are somewhat resistant to further mutation.
Your system is resistant to poisons. (rPois)


Message History

Your +0 spear glows red for a moment.
The centaur zombie hits you.
As you read the scroll labeled WIJOLOI NICU, it crumbles to dust.
You feel aware of your surroundings.
It was a scroll of magic mapping.
The centaur zombie hits you. x2
* * * LOW HITPOINT WARNING * * *
It was a potion of degeneration.
There was something very wrong with that liquid.
You feel weakened.
You feel dopey.
You feel clumsy. The centaur zombie hits you.
* * * LOW HITPOINT WARNING * * *
It was a potion of mutation.
You feel extremely strange.
You feel resistant to poisons.
Your vision blurs.
Your thoughts seem clearer.
You feel genetically stable. The centaur zombie hits you.
* * * LOW HITPOINT WARNING * * *
It was a potion of agility.
You feel agile all of a sudden. The centaur zombie closely misses you.
The centaur zombie hits you.
You die...

...#.#....########
...(.............#
..#..#.#.#######.# .........#
#.# ..#.#.#..## #.#
...)......# #.# .#.#..#.#.#**
#.# ...#........* #.#
#..###.#..#.* #@#
............***#Z#
#.#.#..#.#.......#
.............#####
###.#.#.#..*,*******
#........,,,,,,,,***********
##...#.#.#,,***,,,,,,,,,,,,,*
##.#..#...,,,*
*,,,*********,*
..###.#*.#.*,* ***** *,*


You could see a centaur zombie.

Vanquished Creatures
  2 adders (D:2)
  An ooze (D:2)
  2 dart slugs (D:1)
  A leopard gecko (D:2)
  A bat (D:1)
  6 hobgoblins
  2 jackals (D:1)
  2 frilled lizards (D:2)
  6 goblins
  A kobold (D:2)
  6 rats
30 creatures vanquished.

Notes
Turn   | Place    | Note
-------+----------+-------------------------------------------
     0 | D:1      | Kaname the Demonspawn Wizard began the quest for the Orb.
     0 | D:1      | Reached XP level 1. HP: 13/13 MP: 4/4
   446 | D:1      | Gained mutation: Your movements are slightly less encumbered by armour. (ER -2) [demonic ancestry]
   446 | D:1      | Reached XP level 2. HP: 19/19 MP: 1/6
   450 | D:1      | Learned a level 2 spell: Blink
  1230 | D:2      | Reached XP level 3. HP: 19/24 MP: 0/7
  1307 | D:2      | Learned a level 3 spell: Mephitic Cloud
  1635 | D:2      | Reached skill level 1 in Air Magic
  1706 | D:2      | Found an ancient bone altar of Kikubaaqudgha.
  1729 | D:2      | Reached skill level 1 in Translocations
  1839 | D:2      | Gained mutation: Your system is resistant to poisons. (rPois) [potion of mutation]
  1839 | D:2      | Gained mutation: Scrolls take you a little longer to read. [potion of mutation]
  1839 | D:2      | Gained mutation: You possess an exceptional clarity of mind. [potion of mutation]
  1839 | D:2      | Gained mutation: You are somewhat resistant to further mutation. [potion of mutation]
  1839 | D:2      | HP: 1/24 [centaur zombie (3)]
  1841 | D:2      | Slain by a centaur zombie

Vault maps used:
D:1:      mrwooster_arrival_arrow, minmay_misc_feat_encased
D:2:      kiku_gazebo_pond_becter, hangedman_decor_points, st_stairs_11

Skill      XL: |  1  2  3 |
---------------+----------+-----
Conjurations   | 2 3 |  3.1
Air Magic      | 1 |  1.0
Translocations | 1 |  1.0
Dodging        | |  1.7
Stealth        | |  1.7
Spellcasting   | |  3.0
Summonings     | |  1.0
Poison Magic   | |  0.7

Action                   || total
-------------------------++-------
Melee: Unarmed           ||     9
       Club              ||     7
       Spear             ||     5
 Cast: Magic Dart        ||    65
  Use: Scroll            ||     6
       Potion            ||     3
  Eat: Chunk             ||     3
Armor: Robe              ||     4
Dodge: Dodged            ||    15

Table legend:
 A = Spawn XP
 B = Non-spawn XP
 C = Spawn XP percentage of total XP
 D = Spawn monster count
 E = Non-spawn monster count
 F = Spawn count percentage of total count
 G = Total turns spent on level
                    A         B        C        D         E        F      G
               +---------+---------+-------+---------+---------+-------+---------
         Total |       0 |      82 |   0.0 |       0 |      30 |   0.0 |  1841
               +---------+---------+-------+---------+---------+-------+---------
           D:1 |       0 |      32 |   0.0 |       0 |      17 |   0.0 |  1181
           D:2 |       0 |      50 |   0.0 |       0 |      13 |   0.0 |   660
               +---------+---------+-------+---------+---------+-------+---------
